 Dungeon Crawl Stone Soup version 0.30-a0-475-g03497ec522 (webtiles) character file.

Game seed: 12932650572407203429

1201 zishaf the Zephyrmancer (level 8, 0/49 HPs)
             Began as a Tengu Air Elementalist on Dec 20, 2022.
             Was a Follower of Vehumet.
             Slain by a troll (2 damage)
             ... on level 6 of the Dungeon.
             The game lasted 00:11:36 (6959 turns).

zishaf the Zephyrmancer (Tengu Air Elementalist)    Turns: 6959, Time: 00:11:37

Health: 0/49       AC:  2    Str: 13      XL:     8   Next: 44%
Magic:  9/14       EV: 14    Int: 18      God:    Vehumet [*.....]
Gold:   251        SH:  0    Dex:  6 (11) Spells: 7/14 levels left

rFire   + . .      SeeInvis .    o - +9 spear "Hatijul" {holy, Fragile rC+ Str+4 Dex+2}
rCold   + + .      Faith    .    (no shield)
rNeg    + . .      Spirit   .    a - +0 robe
rPois   +          Reflect  .    (helmet restricted)
rElec   .          Harm     .    m - +0 cloak of Hangman {rPois Int+4 Dex-5 Stlth+}
rCorr   .          Rampage  .    (no gloves)
Will    .....      Clarity  +    (boots unavailable)
Stlth   +++.......               (no amulet)
HPRegen 0.28/turn                p - ring "Xaoxzatu" {rF+ rN+ Int-4 Stlth+}
MPRegen 0.14/turn                r - ring of protection from cold

@: flying quickly and evasively, quick
A: beak, talons 3, nimble flight, clarity, deformed body, wild magic 1,
evolution 1
a: Renounce Religion


You were on level 6 of the Dungeon.
You worshipped Vehumet.
Vehumet was aware of your devotion.
You visited 1 branch of the dungeon, and saw 6 of its levels.

You collected 251 gold pieces.

Inventory:

Hand Weapons
 c - the +5 short sword "Lezoum" {freeze, Will++ Int+4 SInv}
   (You acquired it on level 4 of the Dungeon)

   It freezes those it strikes, dealing additional cold damage.
   It can also slow down cold-blooded creatures.
   Int:       It affects your intelligence (+4).
   SInv:      It lets you see invisible.
   Will:      It greatly increases your willpower.
 g - a +3 hand axe
 i - a +1 short sword of speed
 o - the +9 spear "Hatijul" (weapon) {holy, Fragile rC+ Str+4 Dex+2}
   (You found it on level 5 of the Dungeon)

   It has been blessed by the Shining One to cause great damage to the undead
   and demons.
   Str:       It affects your strength (+4).
   Dex:       It affects your dexterity (+2).
   rC:        It protects you from cold.
   Fragile:   It will be destroyed if unequipped.
Armour
 a - a +0 robe (worn)
 m - the +0 cloak of Hangman (worn) {rPois Int+4 Dex-5 Stlth+}
   (You found it on level 2 of the Dungeon)

   Int:       It affects your intelligence (+4).
   Dex:       It affects your dexterity (-5).
   rPois:     It protects you from poison.
   Stlth:     It makes you more stealthy.
 u - a +1 cloak of preservation
Jewellery
 f - a ring of willpower
 k - the amulet of Elemental Vulnerability {rPois rF-- rC-- AC+8}
   (You found it on level 2 of the Dungeon)

   [amulet of nothing]

   AC:        It affects your AC (+8).
   rF:        It makes you very vulnerable to fire.
   rC:        It makes you very vulnerable to cold.
   rPois:     It protects you from poison.
 p - the ring "Xaoxzatu" (left hand) {rF+ rN+ Int-4 Stlth+}
   (Xom gifted it to you on level 3 of the Dungeon)

   [ring of protection from fire]

   Int:       It affects your intelligence (-4).
   rF:        It protects you from fire.
   rN:        It protects you from negative energy.
   Stlth:     It makes you more stealthy.
 r - a ring of protection from cold (right hand)
Wands
 s - a wand of flame (30)
Scrolls
 d - 2 scrolls of teleportation
 h - 6 scrolls of identify
 j - 2 scrolls of blinking
 t - a scroll of fog
Potions
 b - 2 potions of magic
 e - 4 potions of curing
 l - a potion of mutation {unknown}
 n - 2 potions of heal wounds
 q - 3 potions of brilliance
 v - a potion of resistance {unknown}


   Skills:
 + Level 5.1 Fighting
 - Level 2.1 Dodging
 - Level 2.0 Stealth
 + Level 3.6 Spellcasting
 + Level 6.9 Conjurations
 + Level 8.0 Air Magic


You had 7 spell levels left.
You knew the following spells:

 Your Spells              Type           Power      Damage    Failure   Level
a - Shock                 Conj/Air       100%       1d9       1%          1
b - Airstrike             Air            21%        2d(3-19)  9%          4
A - Static Discharge      Conj/Air       78%        2-6/arc   2%          2

Your spell library contained the following spells:

 Spells                   Type           Power      Damage    Failure   Level
 Sandblast                Erth           8%         2d5       22%         1
 Swiftness                Air            42%        N/A       3%          3
 Kiss of Death            Conj/Necr      80%        2d11      6%          1
 Hailstorm                Conj/Ice       20%        3d6       16%         3
 Freeze                   Ice            16%        1d4       22%         1
 Ensorcelled Hibernation  Hex/Ice        8%         N/A       30%         2
 Scorch                   Fire           8%         2d5       30%         2
 Flame Wave               Conj/Fire      20%        2d7       45%         4
 Confusing Touch          Hex            4%         N/A       50%         3
 Frozen Ramparts          Ice            8%         1d2       50%         3
 Portal Projectile        Hex/Tloc       8%         N/A       50%         3
 Spider Form              Tmut/Pois      4%         N/A       50%         3
 Tukima's Dance           Hex            4%         N/A       50%         3
 Anguish                  Hex/Necr       2%         N/A       88%         4
 Dispel Undead            Necr           4%         3d7       88%         4
 Passage of Golubria      Tloc           4%         N/A       88%         4
 Blade Hands              Tmut           2%         N/A       99%         5
 Yara's Violent Unravell  Hex/Tmut       2%         3d3       99%         5
 Summon Cactus Giant      Summ           2%         N/A       100%        6


Dungeon Overview and Level Annotations

Branches:
Dungeon (6/15)             Temple (0/1) D:6

Altars:
Ashenzari
Kikubaaqudgha
Okawaru
Trog
Vehumet
Xom
Zin
The Shining One

Shops:
D:6 *


Innate Abilities, Weirdness & Mutations

You have a beak for a mouth.
You have claws for feet.
Your magical nature lets you fly swiftly and evasively.
You possess an exceptional clarity of mind.
Armour fits poorly on your strangely shaped body.
Your spells are a little harder to cast, but a little more powerful.
You have hidden genetic potential.


Message History

Aim: a troll (lightly wounded, 74% to hit)
The zap hits the troll.
The troll is lightly wounded.
Casting: Shock (safe; 1% risk of failure)
Confirm with . or Enter, or press ? or * to list all spells.
Aiming: Shock (safe; 1% risk of failure)
Press: ? - help, Shift-Dir - straight line, f/p - troll
Aim: a troll (lightly wounded, 74% to hit)
The zap hits the troll.
The troll is lightly wounded.
Okay, then.
Okay, then.
Really wield
o - the +9 spear "Hatijul" {holy, Fragile rC+ Str+4 Dex+2}?
The +5 short sword "Lezoum" {freeze, Will++ Int+4 SInv} stops glowing.
You feel stronger.
You feel agile.
The +9 spear "Hatijul" {holy, Fragile rC+ Str+4 Dex+2} softly glows with a divine radiance!
o - the +9 spear "Hatijul" (weapon)
{holy, Fragile rC+ Str+4 Dex+2} You hit the troll.
You claw the troll.
The troll is moderately wounded.
The troll closely misses you. The troll claws you. The troll misses you.
You hit the troll. Your kick misses the troll.
The troll is moderately wounded.
The troll bites you! The troll barely misses you. x2
You hit the troll.
The troll is heavily wounded.
The troll misses you. The troll closely misses you. The troll claws you.
You hit the troll.
The troll is heavily wounded.
The troll closely misses you. The troll claws you. The troll barely misses you.
You puncture the troll! You claw the troll, but do no damage.
You peck the troll, but do no damage.
The troll is severely wounded.
The troll closely misses you. The troll claws you. The troll claws you!
You are too injured to fight recklessly!
You barely miss the troll. You claw the troll, but do no damage.
The troll is severely wounded.
The troll bites you!
* * * LOW HITPOINT WARNING * * *
The troll claws you.
You die...

####....... #...#...
#...#.#.
#####...#.#.
#######.......#...
#.....'.........#.
#.#####...........
#.##..........#.#.
#@##.########.#.#.
#T##.# ######'#'#.
#.##.# #......)...
#.##.# #........).
#.##.# #..........
..##.##########'#.
...##............#.
..#..##############.
.)##.. .........


You could see a troll.

Vanquished Creatures
  A black bear (D:3)
  A phantom (D:4)
  A kobold brigand (D:6)
  A necrophage (D:5)
  4 scorpions
  2 hounds
  2 orc priests
  3 jellies
  An iguana (D:5)
  An iron imp (D:5)
  5 orc wizards
  8 gnolls
  5 adders
  A white imp (D:5)
  An ufetubus (D:4)
  3 dart slugs
  19 orcs
  5 ball pythons
  10 endoplasms
  7 goblins
  9 hobgoblins
  13 jackals
  6 kobolds
  5 quokkas
  11 bats
  A frilled lizard (D:3)
  A goblin skeleton (D:5)
  3 hobgoblin zombies (D:5)
  A kobold skeleton (D:5)
  A kobold zombie (D:5)
  2 orc skeletons (D:5)
  7 rats
141 creatures vanquished.

Notes
Turn   | Place    | Note
-------+----------+-------------------------------------------
     0 | D:1      | zishaf the Tengu Air Elementalist began the quest for the
                  | Orb.
     0 | D:1      | Reached XP level 1. HP: 10/10 MP: 4/4
   112 | D:1      | Reached XP level 2. HP: 2/16 MP: 0/6
   214 | D:1      | Learned a level 2 spell: Static Discharge
   254 | D:1      | Reached skill level 1 in Fighting
   456 | D:1      | Reached XP level 3. HP: 20/20 MP: 4/7
   754 | D:1      | You fall into a shaft and drop 1 floor!
  1024 | D:1      | Found a faded altar of an unknown god.
  1031 | D:1      | Prayed at the altar of an unknown god.
  1031 | D:1      | Became a worshipper of Xom of Chaos
  1339 | D:2      | Found the amulet of Elemental Vulnerability {rPois rF--
                  | rC-- AC+8}
  1357 | D:2      | XOM: noise
  1368 | D:2      | Reached XP level 4. HP: 26/26 MP: 8/8
  1482 | D:2      | Identified the +0 cloak of Hangman {rPois Int+4 Dex-5
                  | Stlth+}
  1553 | D:2      | XOM: silly message
  1729 | D:2      | Fell from the grace of Xom
  1955 | D:3      | Reached skill level 5 in Air Magic
  2068 | D:3      | Noticed a black bear
  2117 | D:3      | Identified the ring "Xaoxzatu" {rF+ rN+ Int-4 Stlth+} (Xom
                  | gifted it to you on level 3 of the Dungeon)
  2117 | D:3      | XOM: god gift: ring "Xaoxzatu" {rF+ rN+ Int-4 Stlth+}
  2298 | D:3      | Gained mutation: Your magical nature lets you fly swiftly
                  | and evasively. [Tengu growth]
  2298 | D:3      | Reached XP level 5. HP: 18/31 MP: 4/9
  2384 | D:2      | XOM: give mutation
  2384 | D:2      | Gained mutation: Armour fits poorly on your strangely
                  | shaped body. [Xom's mischief]
  2458 | D:3      | HP: 1/31 [gnoll/+0 flail (13)]
  2895 | D:3      | Killed a black bear
  2896 | D:3      | Reached skill level 6 in Air Magic
  2896 | D:3      | Reached XP level 6. HP: 30/37 MP: 0/10
  3146 | D:3      | XOM: give mutation
  3146 | D:3      | Gained mutation: You have hidden genetic potential. [Xom's
                  | mischief]
  3212 | D:3      | XOM: stat loss: -3 Dex (6/9)
  3469 | D:3      | a ball python changed into a shapeshifter
  3469 | D:3      | Noticed a shapeshifter (shapeshifter)
  3469 | D:3      | XOM: polymorph ball python -> shapeshifter
  3471 | D:3      | a shapeshifter changed into a jumping spider
  3471 | D:3      | Noticed a jumping spider (shapeshifter)
  3617 | D:4      | Reached skill level 5 in Conjurations
  3746 | D:4      | Learned a level 4 spell: Airstrike
  3759 | D:4      | Reached XP level 7. HP: 39/42 MP: 3/11
  3769 | D:4      | Found an ancient bone altar of Kikubaaqudgha.
  3769 | D:4      | XOM: 3-stop teleportation journey
  4098 | D:4      | Gained mutation: You possess an exceptional clarity of
                  | mind. [hidden potential]
  4115 | D:4      | XOM: divination: detect creatures
  4116 | D:4      | Identified a scroll of acquirement
  4116 | D:4      | Acquired the +5 short sword "Lezoum" {freeze, Will++ Int+4
                  | SInv}
  4139 | D:4      | XOM: summons 3 hostile shadow creatures
  4535 | D:4      | Found a radiant altar of Vehumet.
  4558 | D:4      | Became a worshipper of Vehumet
  4794 | D:5      | XOM: noise
  4794 | D:5      | Entered Level 5 of the Dungeon
  4810 | D:5      | Reached skill level 7 in Air Magic
  4968 | D:5      | XOM: divination: detect items
  5053 | D:5      | Identified the +9 spear "Hatijul" {holy, Fragile rC+ Str+4
                  | Dex+2}
  5116 | D:5      | XOM: stat loss: -3 Dex (6/9)
  5598 | D:5      | Found a glowing golden altar of the Shining One.
  5610 | D:5      | Reached XP level 8. HP: 48/48 MP: 13/13
  5669 | D:5      | Found a broken altar of Ashenzari.
  5750 | D:5      | XOM: 1-stop teleportation journey
  5793 | D:5      | Found a bloodstained altar of Trog.
  5838 | D:5      | Reached * piety under Vehumet
  5838 | D:5      | Offered knowledge of Sandblast by Vehumet.
  5903 | D:5      | XOM: summons 4 hostile demons
  5999 | D:5      | Found a glowing silver altar of Zin.
  6107 | D:5      | Found an iron altar of Okawaru.
  6108 | D:5      | XOM: stat loss: -1 Str (8/9)
  6124 | D:5      | XOM: give mutation
  6124 | D:5      | Gained mutation: Your spells are a little harder to cast,
                  | but a little more powerful. [Xom's mischief]
  6464 | D:6      | Found Xypaos's Assorted Antiques.
  6658 | D:6      | Found a staircase to the Ecumenical Temple.
  6866 | D:6      | Reached skill level 5 in Fighting
  6866 | D:6      | Reached skill level 8 in Air Magic
  6942 | D:6      | Identified the +3 rapier of Colov {vorpal, Int+4}
  6944 | D:6      | Noticed a troll
  6959 | D:6      | HP: 2/49 [troll (17)]
  6959 | D:6      | Slain by a troll

Illustrated notes

Levels and vault maps discovered:
D:1:      amcnicky_arrival_gap_in_the_tavern_cellar, layout_loops_ring,
          dilly_ecumenical_altar_fadedgnrine, minmay_pentomino_v4
D:2:      layout_basic
D:3:      wad_crossroads, layout_basic, patterned_corridor
D:4:      layout_loops_ring, kiku_gazebo_pond_becter, nicolae_vehumet_radiance
D:5:      layout_layer_cave, okawaru_metal_pillars_3,
          nicolae_tso_besieged_by_evil, evilmike_ruin_ashenzari,
          mainiacjoe_overflow_alcove_1, mainiacjoe_overflow_alcove_4
D:6:      layout_basic, nicolae_wu_jian_wuxing_cycle,
          minmay_temple_entry_drinking_statues, minmay_shop_grid_forest,
          kb_rosetta, uniq_sigmund

Skill      XL: |  1  2  3  4  5  6  7  8 |
---------------+-------------------------+-----
Conjurations   | 2 3 4 5 6 |  6.9
Fighting       | 1 2 3 4 5 |  5.1
Air Magic      | 5 6 7 8 |  8.0
Spellcasting   | 3 |  3.6
Dodging        | |  2.1
Stealth        | |  2.0

Action                   |  1- 3 |  4- 6 |  7- 9 || total
-------------------------+-------+-------+-------++-------
Melee: Unarmed           |    34 |       |       ||    34
       Kick              |    15 |    18 |    18 ||    51
       Peck              |    10 |    10 |     5 ||    25
       Punch             |     1 |       |     1 ||     2
       Short sword       |    16 |    86 |    65 ||   167
       Hand axe          |    14 |       |       ||    14
       Spear             |       |       |     6 ||     6
Throw: Throwing net      |       |     1 |       ||     1
 Cast: Shock             |    50 |    45 |   124 ||   219
       Static Discharge  |       |    17 |     5 ||    22
Invok: Renounce Religion |       |     1 |       ||     1
  Use: Scroll            |       |     4 |     8 ||    12
 Stab: Sleeping          |     3 |    10 |     5 ||    18
Armor: Robe              |    11 |    10 |     8 ||    29
Dodge: Dodged            |    46 |    54 |    70 ||   170

Table legend: (Time is in decaauts)
 A = Elapsed time spent in this place.
 B = Non-inter-level travel time spent in this place.
 C = Inter-level travel time spent in this place.
 D = Time resting spent in this place.
 E = Time spent auto-exploring this place.
 F = Levels seen in this place.
 G = Mean time per level.
                   A        B        C        D        E       F      G
               +--------+--------+--------+--------+--------+-----+--------+
         Total |   6675 |   6574 |    101 |    285 |   5185 |   6 | 1112.5 |
       Dungeon |   6675 |   6574 |    101 |    285 |   5185 |   6 | 1112.5 |
               +--------+--------+--------+--------+--------+-----+--------+

Top non-repeatable levels by time:
     D:5: 1457 daAuts
     D:3: 1363 daAuts
     D:1: 1243 daAuts
     D:4: 1223 daAuts
     D:2: 795 daAuts
     D:6: 593 daAuts
